Construct Section Command Post
Selects Australian Defense Battlegroup
Selects Australian Light Infantry Section
Australian Light Infantry Section
Australian Light Infantry Section
Construct Platoon Command Post
Unlock Bishop Self-propelled Artillery
Selects CMP 15cwt Supply Run
Selects Reinforced Resource Caches
Australian Light Infantry Section
Bishop Self-propelled Artillery
Bishop Self-propelled Artillery
6-pounder Anti-tank Gun Team
Construct Company Command Post
Selects Archer Tank Destroyer
Selects Defensive Tactics
Selects Vehicle Over Repair